AoeStats
← RoPeTT

Yucatan

510354893Analyzed
3v3 RM · 18h ago on Sep 30, 2026· 50m 20s· 6 players
Game mode
Random Map
Map size
Normal (6 player)
Population
200
Speed
Normal
Resources
Standard
Victory
Conquest
Starting age
Dark Age
Ending age
Imperial Age
RankedLock teamsTeams togetherTeam positionsShared explorationLock speedFull tech treeHidden civsTurbo modeCheats
Victory
Defeat
🇷🇺 Mongols · Russia
1300
+10
🇷🇺 Maya · Russia
1283
+11
🇷🇺 Franks · Russia
1136
+16
🇫🇷 Mongols · France
1179
-13
🇬🇧 Maya · United Kingdom
1171
-13
🇫🇷 Georgians · France
1123
-11
Novax
9:17 Feudal Age
10:06 Loom
11:53 Town Watch
14:37 Castle Age
13:45 Forging
15:19 Bloodlines
22:20 Double-Bit Axe
25:17 Wheelbarrow
24:20 Light Cavalry
25:07 Husbandry
33:53 Imperial Age
31:38 Scale Mail Armor
31:47 Scale Barding Armor
33:00 Bow Saw
34:18 Gold Mining
34:47 Hand Cart
34:23 Stone Mining
34:16 Horse Collar
35:36 Conscription
35:29 Heavy Camel Rider
39:57 Iron Casting
40:39 Drill
40:22 Nomads
42:11 Blast Furnace
41:32 Chain Barding Armor
41:15 Heavy Plow
41:51 Gold Shaft Mining
41:52 Stone Shaft Mining
43:52 Elite Steppe Lancer
45:44 Hoardings
44:51 Capped Ram
46:06 Fletching
47:02 Masonry
46:32 Siege Ram
49:26 Bodkin Arrow
49:41 Siege Engineers
Manoow
11:30 Feudal Age
16:03 Castle Age
15:22 Loom
17:45 Forging
32:28 Bloodlines
34:51 Scale Barding Armor
36:19 Husbandry
38:57 Wheelbarrow
38:12 Double-Bit Axe
43:04 Chain Barding Armor
43:20 Iron Casting
43:38 Hand Cart
43:10 Town Watch
43:18 Gold Mining
49:09 Imperial Age
49:15 Cavalier
51:00 Blast Furnace
50:36 Plate Barding Armor
alexisoutch
0:29 Loom
11:13 Feudal Age
11:59 Double-Bit Axe
13:09 Gold Mining
13:56 Fletching
18:05 Wheelbarrow
21:36 Castle Age
20:32 Padded Archer Armor
22:16 Crossbowman
22:55 Bodkin Arrow
26:31 Horse Collar
28:23 Heavy Plow
28:58 Bow Saw
28:44 Stone Mining
32:21 Ballistics
32:12 Fortified Wall
32:59 Hand Cart
38:02 Imperial Age
35:23 Elite Skirmisher
37:29 Thumb Ring
39:50 Chemistry
38:13 Arbalester
39:21 Bracer
40:23 Leather Archer Armor
40:34 Guard Tower
44:45 Keep
45:26 Ring Archer Armor
45:49 Town Watch
47:42 Forging
47:33 Scale Mail Armor
48:55 Eagle Warrior
49:21 Arson
Puzotron
0:31 Loom
9:41 Feudal Age
17:44 Castle Age
16:56 Double-Bit Axe
19:38 Crossbowman
20:17 Stone Mining
20:26 Fletching
22:53 Ballistics
25:22 Horse Collar
29:41 Padded Archer Armor
29:37 Bodkin Arrow
31:42 Thumb Ring
37:45 Imperial Age
37:07 Leather Archer Armor
38:09 Arbalester
38:54 Bracer
41:17 Ring Archer Armor
41:27 Conscription
42:52 Wheelbarrow
47:20 Murder Holes
48:26 Chemistry
48:29 Hoardings
47:38 Treadmill Crane
RoPeTT
5:39 Loom
11:07 Feudal Age
15:48 Scale Barding Armor
15:54 Forging
17:15 Wheelbarrow
16:27 Double-Bit Axe
18:10 Gold Mining
23:35 Castle Age
24:31 Husbandry
29:55 Chain Barding Armor
31:16 Iron Casting
38:17 Gold Shaft Mining
37:34 Stone Mining
38:08 Bow Saw
43:17 Imperial Age
41:05 Hand Cart
44:22 Cavalier
45:40 Plate Barding Armor
46:06 Blast Furnace
47:28 Chemistry
49:07 Paladin
WAnds | danila90r
8:36 Feudal Age
8:13 Loom
9:39 Double-Bit Axe
15:20 Horse Collar
19:55 Castle Age
19:06 Stone Mining
20:27 Wheelbarrow
20:23 Bloodlines
25:12 Fletching
29:53 Bow Saw
29:48 Heavy Plow
32:26 Husbandry
32:38 Gold Mining
33:36 Bodkin Arrow
33:42 Padded Archer Armor
34:09 Ballistics
35:56 Leather Archer Armor
39:48 Imperial Age
38:47 Stone Shaft Mining
38:48 Gold Shaft Mining
40:00 Thumb Ring
41:48 Bracer
42:35 Elite Mangudai
43:57 Parthian Tactics
44:39 Chemistry
44:13 Scale Barding Armor
44:19 Forging
45:33 Conscription
44:56 Light Cavalry
45:59 Chain Barding Armor
45:54 Hussar
47:31 Iron Casting
46:56 Scale Mail Armor
51:36 Blast Furnace
Connection lost

Rejoining the realm…

Still unreachable

The connection could not be restored.

Session expired

The server has moved on; the page needs a fresh start.